Map: Empire éternel EC

Players

Denver - Winner!

  • Race: Zerg Zerg
  • League: Master
  • Spawn Location: 7:00

Harstem

  • Race: Protoss Protoss
  • League: Master
  • Spawn Location: 1:00

VOD

Have the link to the VOD?

Description

Time

  • Played on: Jan. 13, 2020, 2:48 p.m.
  • Length: 10:47
Show
View Real Time Build Order
Export as new Build Order

Denver Zerg - Winner!

Build Orders: 3 Hatch before Pool, Swarm Host, Cheese 

Get SALT Encoding   

  12  0:00  Drone  
  13  0:12  Overlord  
  13  0:16  Drone  
  14  0:30  Drone x2  
  16  0:49  Hatchery  
  15  0:53  Drone  
  16  0:59  Drone  
  16  1:00  Drone  
  18  1:25  Hatchery  
  17  1:26  Drone  
  17  1:28  Extractor  
  17  1:41  Spawning Pool  
  17  1:44  Drone  
  17  1:50  Drone  
  17  1:52  Drone  
  19  1:56  Drone  
  20  2:03  Drone  
  22  2:10  Overlord  
  22  2:14  Hatchery  
  21  2:21  Drone x2  
  23  2:30  Queen  
  23  2:35  Metabolic Boost  
  25  2:38  Zergling x2  
  25  2:40  Zergling x2  
  25  2:43  Drone  
  28  2:45  Drone  
  29  2:52  Queen  
  29  2:55  Drone  
  32  3:00  Overlord  
  32  3:02  Drone  
  33  3:08  Extractor  
  33  3:09  Evolution Chamber  
  31  3:16  Drone x2  
  31  3:17  Drone x2  
  35  3:22  Overlord  
  35  3:24  Queen  
  38  3:33  Queen  
  40  3:35  Drone x2  
  40  3:37  Drone  
  40  3:40  Overlord  
  43  3:43  Zergling x2  
  43  3:44  Zergling x2  
  43  3:47  Zergling x2  
  46  3:49  Drone  
  46  3:51  Extractor  
  46  3:53  Spore Crawler  
  45  3:56  Spore Crawler  
  45  3:58  Spore Crawler  
  45  3:59  Drone  
  45  4:01  Drone  
  45  4:04  Drone  
  45  4:05  Drone  
  45  4:07  Drone  
  45  4:09  Drone  
  49  4:11  Drone  
  49  4:15  Drone x2  
  50  4:25  Zergling x8  
  50  4:27  Drone  
  50  4:28  Queen  
  55  4:31  Overlord  
  55  4:36  Drone  
  55  4:37  Drone x2  
  56  4:41  Overlord  
  56  4:45  Drone x3  
  56  4:49  Drone x2  
  56  4:51  Drone x2  
  59  4:54  Drone  
  59  4:58  Drone  
  59  4:59  Drone x2  
  63  5:02  Drone  
  63  5:03  Drone  
  65  5:07  Queen  
  65  5:15  Drone  
  65  5:16  Drone x4  
  65  5:17  Lair  
  70  5:21  Zergling x2  
  70  5:22  Zergling x6  
  70  5:28  Drone x3, Roach Warren  
  75  5:32  Overlord  
  76  5:36  Drone x3  
  76  5:40  Extractor  
  76  5:41  Extractor  
  77  5:48  Drone  
  77  5:49  Drone x6  
  82  5:51  Overlord x2  
  82  5:53  Overlord  
  78  6:00  Drone x2  
  78  6:01  Drone x3  
  83  6:05  Roach Warren  
  83  6:06  Evolution Chamber  
  82  6:12  Extractor x2  
  82  6:14  Drone x2  
  82  6:15  Drone  
  82  6:16  Glial Reconstitution  
  82  6:17  Extractor, Overseer  
  82  6:19  Roach x3  
  82  6:21  Overlord  
  82  6:22  Queen  
  82  6:25  Roach  
  92  6:28  Drone  
  93  6:33  Roach x5  
  102  6:43  Drone x2  
  102  6:44  Zerg Missile Weapons Level 1  
  102  6:46  Hatchery  
  103  6:50  Drone x2, Overlord  
  105  6:57  Roach x5  
  115  7:02  Roach x2  
  115  7:03  Roach  
  121  7:10  Roach  
  121  7:11  Roach x3  
  121  7:12  Overlord  
  121  7:14  Overlord  
  129  7:19  Overlord  
  129  7:21  Overseer, Overlord  
  129  7:25  Overlord  
  128  7:30  Overlord x3  
  128  7:36  Drone, Infestation Pit  
  125  7:37  Overlord  
  125  7:47  Drone  
  126  8:03  Overlord  
  125  8:07  Unknown  
  124  8:13  Swarm Host x13  
  124  8:17  Swarm Host  
  166  8:30  Nydus Network  
  166  8:33  Spore Crawler, Drone x3  
  167  8:34  Roach  
  167  8:35  Roach x6  
  167  8:40  Roach  
  167  8:41  Roach x3  
  191  8:48  Roach x2  
  191  8:49  Roach  
  195  8:58  Roach x2  
  199  9:06  Nydus Canal  
  199  9:10  Hive  
  199  9:23  Hatchery  
  186  9:35  Drone x2  
  182  9:43  Roach  
  182  9:44  Roach x11  
  198  9:46  Nydus Canal  
  198  9:52  Ravager  
  199  10:09  Spine Crawler  
  199  10:10  Spine Crawler  
  199  10:12  Spine Crawler  
  194  10:16  Roach x3  
  164  10:43  Nydus Canal  
Show
View Real Time Build Order
Export as new Build Order

Harstem Protoss 

Build Orders: Oracle Opening, Archon Immortal 

Get SALT Encoding   

  12  0:00  Probe  
  13  0:12  Probe  
  14  0:18  Pylon  
  14  0:24  Probe  
  15  0:36  Probe (Chrono Boost)  
  15  0:39  Gateway  
  16  0:45  Probe (Chrono Boost)  
  16  0:49  Assimilator  
  17  0:51  Probe (Chrono Boost)  
  18  1:03  Probe  
  19  1:15  Probe  
  20  1:28  Zealot  
  20  1:30  Cybernetics Core  
  20  1:31  Probe, Pylon  
  23  1:49  Probe  
  24  2:01  Probe  
  24  2:04  Adept (Chrono Boost)  
  27  2:15  Nexus  
  27  2:19  Probe  
  28  2:27  Adept  
  30  2:34  Pylon  
  30  2:36  Probe  
  31  2:40  Assimilator  
  31  2:50  Stargate  
  31  2:52  Probe  
  31  2:55  Warp Gate  
  32  3:04  Probe  
  33  3:16  Probe  
  34  3:28  Probe (Chrono Boost)  
  34  3:30  Probe (Chrono Boost)  
  34  3:31  Oracle (Chrono Boost)  
  39  3:40  Probe (Chrono Boost)  
  41  3:43  Probe (Chrono Boost)  
  41  3:47  Probe (Chrono Boost)  
  41  3:48  Probe (Chrono Boost)  
  42  3:49  Stalker  
  42  3:54  Probe  
  42  3:55  Gateway  
  46  3:57  Probe  
  47  4:04  Oracle (Chrono Boost)  
  47  4:06  Probe  
  47  4:07  Pylon, Assimilator  
  47  4:09  Probe  
  52  4:18  Probe  
  52  4:21  Probe  
  52  4:31  Probe  
  50  4:33  Probe  
  49  4:43  Probe (Chrono Boost)  
  51  4:45  Probe (Chrono Boost), Adept  
  51  4:53  Assimilator  
  51  4:56  Robotics Facility  
  51  4:57  Probe (Chrono Boost)  
  53  5:00  Adept  
  53  5:01  Probe (Chrono Boost)  
  53  5:05  Probe (Chrono Boost)  
  53  5:06  Pylon, Nexus  
  56  5:08  Probe (Chrono Boost)  
  56  5:14  Adept  
  57  5:17  Pylon  
  57  5:18  Probe  
  57  5:20  Probe  
  59  5:23  Pylon  
  59  5:30  Probe  
  59  5:31  Pylon  
  59  5:32  Sentry  
  59  5:34  Probe  
  63  5:37  Forge  
  63  5:39  Twilight Council  
  63  5:42  Probe  
  64  5:44  Observer (Chrono Boost)  
  64  5:46  Probe  
  66  5:54  Probe  
  66  5:57  Immortal (Chrono Boost)  
  67  5:58  Probe  
  67  6:02  Gateway  
  72  6:04  Gateway  
  72  6:06  Probe  
  72  6:10  Zealot  
  76  6:19  Probe (Chrono Boost)  
  76  6:20  Probe (Chrono Boost), Protoss Ground Weapons Level 1 (Chrono Boost), Charge  
  76  6:21  Probe (Chrono Boost)  
  78  6:27  Templar Archives  
  78  6:29  Probe (Chrono Boost)  
  78  6:31  Zealot  
  78  6:32  Probe (Chrono Boost)  
  82  6:33  Probe (Chrono Boost)  
  82  6:34  Probe (Chrono Boost)  
  82  6:41  Probe, Phoenix (Chrono Boost)  
  82  6:44  Probe  
  82  6:45  Probe  
  87  6:51  Immortal  
  87  6:53  Probe  
  92  6:55  Assimilator  
  92  6:56  Probe  
  92  6:57  Probe  
  92  6:58  Assimilator  
  92  7:01  Sentry  
  96  7:04  Pylon  
  96  7:05  Probe  
  96  7:08  Probe  
  98  7:09  Probe  
  98  7:14  Observer  
  99  7:17  Probe  
  99  7:21  Gateway  
  99  7:22  Gateway  
  100  7:24  Gateway  
  100  7:27  Gateway, Photon Cannon  
  100  7:28  High Templar x3  
  105  7:31  Zealot  
  105  7:32  Archon  
  105  7:33  Warp Prism (Chrono Boost)  
  109  7:44  Probe, Pylon  
  109  7:51  Pylon  
  109  7:53  Pylon  
  109  7:54  Pylon  
  109  7:55  Gateway  
  106  7:58  Gateway  
  106  8:01  High Templar  
  108  8:09  High Templar x2, Zealot  
  108  8:12  Void Ray  
  118  8:17  Archon  
  118  8:18  Archon  
  116  8:23  Zealot x3  
  122  8:27  Shield Battery  
  120  8:43  Zealot x4  
  120  8:45  High Templar x2  
  120  8:46  High Templar x2  
  120  8:47  Probe  
  120  8:48  Pylon  
  137  8:50  Pylon, Archon x2  
  137  8:51  Warp Prism (Chrono Boost)  
  137  8:54  Pylon  
  137  8:57  Pylon  
  137  9:00  Probe  
  131  9:05  Probe  
  131  9:07  Zealot  
  131  9:08  Zealot x3  
  140  9:10  Shield Battery  
  140  9:11  Shield Battery  
  140  9:16  Pylon  
  140  9:17  Immortal (Chrono Boost)  
  140  9:22  Zealot x5  
  130  9:48  Immortal (Chrono Boost)  
  130  9:50  Nexus  
  132  9:57  Zealot x3  
  132  9:58  Zealot x3  
  144  10:07  Zealot x3  
  134  10:26  Zealot x6  
Tags
 
Add a new tag
Caveats
  • Supply blocks, unpowered buildings, or Contaminate may cause inaccurate times.
  • Supply counts are checked every 10 seconds.